 Dungeon Crawl Stone Soup version 0.17-a0-1636-g3119f2b (webtiles) character file.

1788 urechis the Grappler (level 8, -6/83 HPs)
             Began as a Troll Monk on Aug 5, 2015.
             Mangled by an orc warrior
             ... wielding a +0 dire flail
              (11 damage)
             ... on level 7 of the Dungeon.
             The game lasted 00:06:21 (4158 turns).

urechis the Grappler (Troll Monk)                   Turns: 4158, Time: 00:06:22

Health: -6/83      AC:  5    Str: 20    XL:     8   Next: 82%
Magic:  7/7        EV: 10    Int:  6    God:
Gold:   264        SH:  0    Dex: 14    Spells: 0 memorised, 7 levels left

rFire  + . .     SeeInvis .       - Unarmed
rCold  . . .     Clarity  .     a - +0 robe
rNeg   . . .     SustAt   .     (no shield)
rPois  .         Gourm    +     (helmet restricted)
rElec  .         Spirit   .     (no cloak)
rCorr  .         Warding  .     (gloves unavailable)
rMut   .         Stasis   .     (boots unavailable)
MR     .....                    (no amulet)
Stlth  ++........               (no ring)
                                e - ring of protection from fire

@: not resistant to hostile enchantments, unstealthy
A: unfitting armour, claws 3, fast metabolism 3, gourmand, regeneration 2,
shaggy fur 1, tough skin 2
a: no special abilities


You were on level 7 of the Dungeon.
You were very full.

You visited 1 branch of the dungeon, and saw 7 of its levels.

You collected 264 gold pieces.

Inventory:

Hand weapons
 b - a +0 blowgun
Missiles
 r - 21 poisoned needles
Armour
 a - a +0 robe (worn)
Jewellery
 e - a ring of protection from fire (left claw)
Magical devices
 y - a wand of lightning (8)
 H - a wand of magic darts (28)
Scrolls
 c - 5 scrolls of identify {unknown}
 i - 3 scrolls of teleportation {unknown}
 j - 2 scrolls of amnesia {unknown}
 l - a scroll of enchant armour {unknown}
 m - a scroll of recharging {unknown}
 p - a scroll of immolation {unknown}
 u - a scroll of fear {unknown}
 v - a scroll of fog {unknown}
 w - 3 scrolls of remove curse {unknown}
 B - a scroll of blinking {unknown}
 D - a scroll of magic mapping {unknown}
 F - 2 scrolls of silence {unknown}
 K - 2 scrolls of enchant weapon {unknown}
Potions
 d - a potion of resistance {unknown}
 f - 4 potions of curing {unknown}
 g - a potion of cure mutation {unknown}
 k - 2 potions of might {unknown}
 n - 3 potions of haste {unknown}
 s - a potion of poison {unknown}
 x - a potion of heal wounds {unknown}
 z - 2 potions of brilliance {unknown}
 C - 2 potions of flight {unknown}
 E - a potion of magic {unknown}
 G - a potion of lignification {unknown}
 J - a potion of degeneration {unknown}
Comestibles
 h - 2 meat rations
 o - 3 fruits
 q - 6 bread rations
 t - 2 beef jerkies
 A - a slice of pizza
 I - 2 royal jellies
 L - 9 chunks of flesh


   Skills:
 + Level 5.9 Fighting
 - Level 2.4 Dodging
 - Level 1.1 Stealth
 * Level 10.2 Unarmed Combat


You had 7 spell levels left.
You didn't know any spells.

Dungeon Overview and Level Annotations

Branches:
Dungeon (7/15)             Temple (0/1) D:7

Altars:
Cheibriados
Fedhas
Qazlal
Trog
Vehumet
Xom


Innate Abilities, Weirdness & Mutations

You are too large for most types of armour.
You have claws for hands.
Your metabolism is lightning-fast.
You like to eat raw meat.
You heal very quickly.
You are covered in fur (AC +1).
You have very tough skin (AC +2).


Message History

The orc warrior is heavily wounded.
The orc closely misses you. The orc priest barely misses you.
The orc closely misses you.
The orc warrior hits you with a dire flail!
* * * LOW HITPOINT WARNING * * *
You are too injured to fight recklessly!
The orc barely misses you.
You claw the orc!
The orc is almost dead.
The orc completely misses you.
You mangle the orc!!
You kill the orc!
The orc priest looks braver for a moment.
You closely miss the orc warrior.
The orc warrior is heavily wounded.
The orc priest calls down the wrath of Beogh upon you.
Something smites you!
* * * LOW HITPOINT WARNING * * *
The orc warrior hits you with a dire flail!
You die...

##.................
##...#........####
#..####...####
##.## #..## #..#
###.## #..## ##.##
##@# . #o###....
#oH...... #.o......
#........ #..$.....
.......## .......#
......##


You could see a hippogriff, an orc warrior, an orc priest and an orc.

Vanquished Creatures
  Sigmund (D:5)
  The ghost of emiel the Conjurer, an average CeWz of Cheibriados (D:3)
  2 ice beasts
  An orc warrior (D:6)
  2 ogres
  A phantom (D:4)
  3 centaurs
  A giant frog (D:6)
  A crimson imp (D:6)
  3 orc priests
  A gnoll shaman (D:7)
  2 hounds
  A jelly (D:6)
  Ijyb (D:3)
  2 giant frog skeletons
  An iguana (D:5)
  Natasha (twice) (D:3)
  A statue (D:5)
  2 hound skeletons (D:6)
  A mummy (D:6)
  4 gnolls (D:7)
  7 adders
  2 oozes
  2 adder skeletons
  4 worms
  19 orcs
  6 giant cockroaches
  4 goblins
  6 hobgoblins
  4 jackals (D:3)
  6 kobolds
  A ball python (D:4)
  12 bats
  A giant cockroach zombie (D:6)
  6 giant geckos
  6 giant newts
  4 quokkas
  9 rats
133 creatures vanquished.

Notes
Turn   | Place    | Note
--------------------------------------------------------------
     0 | D:1      | urechis the Troll Monk began the quest for the Orb.
     0 | D:1      | Reached XP level 1. HP: 22/22 MP: 0/0
   202 | D:1      | Reached XP level 2. HP: 26/29 MP: 1/1
   729 | D:2      | Found a blossoming altar of Fedhas.
   801 | D:2      | Reached XP level 3. HP: 36/36 MP: 2/2
   940 | D:2      | Reached skill level 5 in Unarmed Combat
   973 | D:2      | Reached XP level 4. HP: 45/45 MP: 3/3
  1328 | D:3      | Noticed emiel's ghost (average CeWz)
  1350 | D:3      | Killed emiel's ghost
  1350 | D:3      | Reached skill level 6 in Unarmed Combat
  1350 | D:3      | Reached XP level 5. HP: 37/54 MP: 4/4
  1601 | D:3      | Noticed Natasha
  1603 | D:3      | Noticed Ijyb
  1604 | D:3      | Killed Natasha
  1605 | D:3      | Found a bloodstained altar of Trog.
  1610 | D:3      | Killed Ijyb
  1610 | D:3      | Reached XP level 6. HP: 59/62 MP: 5/5
  1855 | D:3      | Noticed Natasha
  1861 | D:3      | Killed Natasha
  2153 | D:4      | Found a stormy altar of Qazlal.
  2233 | D:4      | Reached skill level 7 in Unarmed Combat
  2317 | D:4      | Found Besuwiy's Antique Weapon Shop.
  2344 | D:4      | Reached XP level 7. HP: 57/70 MP: 6/6
  2521 | D:5      | Entered Level 5 of the Dungeon
  2634 | D:5      | Reached skill level 8 in Unarmed Combat
  2811 | D:5      | Noticed Sigmund
  2819 | D:5      | Killed Sigmund
  2819 | D:5      | Reached skill level 5 in Fighting
  2840 | D:5      | Reached XP level 8. HP: 80/80 MP: 7/7
  3028 | D:5      | Found a radiant altar of Vehumet.
  3178 | D:6      | Reached skill level 9 in Unarmed Combat
  3559 | D:6      | Found a snail-covered altar of Cheibriados.
  3700 | D:6      | Reached skill level 10 in Unarmed Combat
  3959 | D:7      | Found a staircase to the Ecumenical Temple.
  4116 | D:7      | Found a shimmering altar of Xom.
  4158 | D:7      | Mangled by an orc warrior

Vault maps used:
D:1:      kilobyte_arrival_exit_the_forest
D:2:      lemuel_upstairs_altar, fedhas_altar_2
D:3:      trog_three_pillars_becter, uniq_natasha, uniq_iyjb
D:4:      lemuel_doored_altar, serial_shops, nicolae_shop_overgrown_old_shop
D:5:      vehumet_statue, first_bread, uniq_sigmund
D:6:      kennysheep_nub, chei_slow_surprise
D:7:      lemuel_crystal_altar, lemuel_coloured_pillars_altar,
          minmay_temple_entry_overgrown, uniq_duvessa

Action                   |  1- 3 |  4- 6 |  7- 9 || total
-------------------------+-------+-------+-------++-------
Melee: Unarmed           |    86 |   112 |   166 ||   364
 Stab: Sleeping          |     3 |     1 |     3 ||     7
  Eat: Chunk             |     7 |    13 |    23 ||    43
